 Dungeon Crawl Stone Soup version 0.30-a0-23-ge60ba3568b (webtiles) character file.

Game seed: 14877945092298566631

1164 Pooter the Chopper (level 8, 0/105 HPs)
             Began as a Minotaur Fighter on Aug 24, 2022.
             Succumbed to a water moccasin's poison
             ... on level 5 of the Dungeon.
             The game lasted 00:15:28 (3619 turns).

Pooter the Chopper (Minotaur Fighter)               Turns: 3619, Time: 00:15:29

Health: 0/105      AC: 24    Str: 22    XL:     8   Next: 17%
Magic:  7/7        EV:  2    Int:  5    God:
Gold:   4          SH:  0    Dex: 11    Spells: 7/7 levels left

rFire   . . .      SeeInvis .    a - +0 war axe
rCold   . . .      Faith    .    (no shield)
rNeg    . . .      Spirit   .    (body armour currently unavailable)
rPois   +          Reflect  .    (helmet currently unavailable)
rElec   .          Harm     .    (cloak currently unavailable)
rCorr   +          Rampage  .    (gloves currently unavailable)
Will    .....      NoTele   +    (boots currently unavailable)
Stlth   ++........               (no amulet)
HPRegen 0.27/turn                y - +4 ring of slaying
MPRegen 0.10/turn                C - ring of resist corrosion

@: mighty, lethally poisoned (0 -> -1), tree-form, attractive
A: stationary, stasis, torment immunity, boosted hp, (horns 2), (retaliatory
headbutt)
a: no special abilities


You were on level 5 of the Dungeon.
You were a tree.
You visited 1 branch of the dungeon, and saw 5 of its levels.

You collected 193 gold pieces.
You spent 189 gold pieces at shops.

Inventory:

Hand Weapons
 a - a +0 war axe (weapon)
 b - a +0 shortbow
   (You took it off a centaur on level 4 of the Dungeon)
 D - a +0 sling
   (You took it off a goblin on level 4 of the Dungeon)
 F - a +0 trident
   (You took it off an orc on level 4 of the Dungeon)
Missiles
 H - a throwing net {!f}
 Q - 44 stones (quivered)
Armour
 c - a +0 buckler
 e - a +0 pair of gloves (melded)
   (You found it on level 1 of the Dungeon)
 i - a +0 cloak (melded)
   (You found it on level 3 of the Dungeon)
 j - a +0 chain mail (melded)
   (You found it on level 1 of the Dungeon)
Jewellery
 r - a ring of fire
   (You found it on level 3 of the Dungeon)
 y - a +4 ring of slaying (left branch)
   (You found it on level 1 of the Dungeon)
 C - a ring of resist corrosion (right branch)
   (You found it on level 3 of the Dungeon)
 G - the ring of Xumyr {Wiz Int+6}
   (You took it off a kobold on level 4 of the Dungeon)

   [ring of wizardry]

   It improves your spell success rate.
   Int:       It affects your intelligence (+6).
Wands
 d - a wand of iceblast (7)
   (You found it on level 1 of the Dungeon)
 f - a wand of flame (12)
   (You found it on level 4 of the Dungeon)
 J - a wand of charming (4)
   (You bought it in a shop on level 3 of the Dungeon)
Scrolls
 m - a scroll of magic mapping
 o - a scroll of noise {!r}
 p - a scroll of enchant weapon {unknown}
 q - 2 scrolls of poison {unknown}
 s - a scroll of enchant armour {unknown}
 t - 3 scrolls of teleportation {@r4}
 u - 3 scrolls of butterflies {unknown}
 v - a scroll of fear {unknown}
 w - a scroll of silence
 x - 2 scrolls of immolation {!r}
 B - 2 scrolls of vulnerability {!r}
 I - a scroll of blinking {unknown}
Potions
 g - 2 potions of heal wounds {unknown}
 h - 3 potions of attraction {!q}
 l - a potion of resistance {unknown}
 n - 2 potions of lignification {!q}
 z - a potion of flight {unknown}
 A - a potion of mutation {unknown}
 E - a potion of curing {unknown}


   Skills:
 + Level 6.0 Fighting
 * Level 7.3 Axes
 * Level 3.8 Ranged Weapons
 - Level 3.6 Armour
 + Level 3.4 Stealth
 - Level 3.6 Shields
 + Level 3.1 Evocations


You had 7 spell levels left.
You didn't know any spells.
Your spell library contained the following spells:

 Spells                   Type           Power      Damage    Failure   Level
 Magic Dart               Conj           0%         1d3       47%         1
 Call Imp                 Summ           0%         N/A       63%         2
 Confusing Touch          Hex            0%         N/A       85%         3
 Mephitic Cloud           Conj/Pois/Air  0%         N/A       85%         3
 Yara's Violent Unravell  Hex/Tmut       0%         3d3       100%        5
 Enfeeble                 Hex            0%         N/A       100%        7


Dungeon Overview and Level Annotations

Branches:
Dungeon (5/15)
 Temple: D:4-7

Altars:

Shops:
D:3 *


Innate Abilities, Weirdness & Mutations

You are a tree.
Your roots penetrate the ground, keeping you stationary.
You cannot be teleported.
You are immune to unholy pain and torment.
Your maximum health is greatly increased.
Your equipment is partially melded.
((You have a pair of horns on your head.))
((You reflexively headbutt those who attack you in melee.))


Message History

Aim: a water moccasin (severely wounded, chance to affect: 56%)
The water moccasin resists with significant effort.
* * * LOW HITPOINT WARNING * * *
You feel sick. The water moccasin barely misses you.
The water moccasin bites you but does no damage.
Unknown command.
It was a potion of attraction.
You feel attractive to monsters.
* * * LOW HITPOINT WARNING * * *
You feel sick.
A phantom comes into view.
The water moccasin bites you but does no damage.
The phantom is attracted toward you.
It was a potion of lignification.
You turn into a tree.
Your +0 cloak melds into your body.
Your +0 pair of gloves melds into your body.
Your +0 chain mail melds into your body.
Your roots penetrate the ground.
* * * LOW HITPOINT WARNING * * *
You feel sick.
The scorpion stings you but does no damage.
The water moccasin barely misses you.
An adder comes into view.
The scorpion stings you but does no damage.
The adder is attracted toward you.
You barely miss the water moccasin. You hit the scorpion.
* * * LOW HITPOINT WARNING * * *
You feel sick.
The water moccasin bites you but does no damage.
The scorpion stings you but does no damage.
The water moccasin bites you but does no damage.
You slice the water moccasin!!
You kill the water moccasin!
You slash the scorpion!
The sentinel's mark upon you fades away.
* * * LOW HITPOINT WARNING * * *
You feel sick. The scorpion barely misses you.
The phantom hits you but does no damage.
Your Fighting skill increases to level 6!
You slice the scorpion!!
You kill the scorpion!
You hit the phantom.
* * * LOW HITPOINT WARNING * * *
You feel sick.
The phantom hits you but does no damage.
Unknown command.
You slash the adder!
You kill the adder!
You slash the phantom!
You die...

.### ... #.# .
###.########. #.#
+##+.#..........
....#..#....###.########
.....##W#.# #.<.......
#..##†#.###.########
+.)W♣.#.....#
.......######.#.#
###.#.. #.#.# .. #..
#.... # .## #..... ..
....... .. ........ +##
.......##


You could see 2 phantoms.

Vanquished Creatures
  Grinder (D:4)
  A water moccasin (D:5)
  An ice beast (D:5)
  An ogre (D:4)
  A centaur (D:4)
  2 jellies (D:5)
  3 scorpions (D:5)
  3 hounds
  2 iguanas (D:4)
  Jessica (D:2)
  An orc wizard (D:4)
  5 adders
  3 gnolls (D:3)
  3 worms
  3 dart slugs
  6 orcs
  7 bats
  7 endoplasms
  5 giant cockroaches
  3 hobgoblins
  3 jackals (D:1)
  9 kobolds
  2 quokkas (D:1)
  7 ball pythons
  3 frilled lizards
  8 goblins
  3 rats
94 creatures vanquished.

Vanquished Creatures (others)
  5 fungi (D:3)
  A plant (D:3)
6 creatures vanquished.

Grand Total: 100 creatures vanquished

Notes
Turn   | Place    | Note
-------+----------+-------------------------------------------
     0 | D:1      | Pooter the Minotaur Fighter began the quest for the Orb.
     0 | D:1      | Reached XP level 1. HP: 19/19 MP: 0/0
   144 | D:1      | Reached skill level 3 in Axes
   144 | D:1      | Reached XP level 2. HP: 21/27 MP: 1/1
   561 | D:1      | Reached skill level 1 in Stealth
   561 | D:1      | Reached XP level 3. HP: 33/33 MP: 2/2
  1361 | D:2      | Noticed Jessica
  1367 | D:2      | Killed Jessica
  1368 | D:2      | Reached skill level 4 in Axes
  1368 | D:2      | Reached XP level 4. HP: 30/40 MP: 3/3
  1629 | D:3      | Found Eruikepp's Assorted Antiques.
  1636 | D:3      | Bought a scroll labelled VAFIERH UMUBB for 24 gold pieces
  1636 | D:3      | Bought a scroll labelled ANTICH UXUWK for 24 gold pieces
  1636 | D:3      | Bought a scroll labelled BAQOUG DEINEMO for 24 gold pieces
  1827 | D:3      | Reached skill level 1 in Evocations
  2076 | D:3      | Reached XP level 5. HP: 47/47 MP: 4/4
  2293 | D:3      | Found a faded altar of an unknown god.
  2451 | D:3      | Bought a fizzy silvery potion for 21 gold pieces
  2493 | D:4      | Noticed an ogre
  2500 | D:4      | Killed an ogre
  2501 | D:4      | Reached skill level 5 in Axes
  2607 | D:4      | Noticed a centaur
  2613 | D:4      | Killed a centaur
  2614 | D:4      | Reached skill level 5 in Fighting
  2614 | D:4      | Reached XP level 6. HP: 49/56 MP: 5/5
  2880 | D:4      | Noticed Grinder
  2883 | D:4      | Paralysed by Grinder for 2 turns
  2892 | D:4      | Killed Grinder
  2893 | D:4      | Reached skill level 6 in Axes
  2893 | D:4      | Reached skill level 1 in Ranged Weapons
  2893 | D:4      | Reached XP level 7. HP: 54/61 MP: 6/6
  3032 | D:4      | Identified the ring of Xumyr {Wiz Int+6}
  3509 | D:3      | Bought a blackened bronze wand for 96 gold pieces
  3561 | D:5      | Entered Level 5 of the Dungeon
  3610 | D:5      | Reached skill level 7 in Axes
  3611 | D:5      | Reached XP level 8. HP: 15/70 MP: 7/7
  3614 | D:5      | HP: 3/70 [poisoned by a water moccasin]
  3618 | D:5      | HP: 1/105 [poisoned by a water moccasin]
  3619 | D:5      | Succumbed to a water moccasin's poison

Illustrated notes

Levels and vault maps discovered:
D:1:      psy_arrival_spokes, layout_rooms, st_stairs_7, nrook_loot_triangle,
          chequers_serial_rivers_micro_a, chequers_serial_rivers_large_a,
          kennysheep_decorative_pillar, minmay_ruptured
D:2:      layout_basic, uniq_jessica
D:3:      layout_loops_ring, shapermc_ecumenical_altar_hornbeckon, serial_shops,
          shop
D:4:      layout_loops_ring, minmay_bisected, uniq_grinder
D:5:      layout_loops_ring, mainiacjoe_overflow_24_doors,
          minmay_temple_entry_wispy

Skill      XL: |  1  2  3  4  5  6  7  8 |
---------------+-------------------------+-----
Axes           | 3 4 5 6 7 |  7.3
Fighting       | 4 5 6 |  6.0
Stealth        | 1 2 3 |  3.4
Evocations     | 1 2 3 |  3.1
Ranged Weapons | 1 3 |  3.8
Armour         | |  3.6
Shields        | |  3.6

Action                   |  1- 3 |  4- 6 |  7- 9 || total
-------------------------+-------+-------+-------++-------
Melee: War axe           |    65 |    75 |    44 ||   184
       Headbutt          |     3 |    16 |     7 ||    26
       Punch             |       |       |     1 ||     1
 Fire: Shortbow          |       |    12 |    14 ||    26
Evoke: Wand              |       |     1 |     2 ||     3
  Use: Scroll            |     2 |     4 |       ||     6
       Potion            |       |       |     3 ||     3
Armor: Scale mail        |     6 |       |       ||     6
       Chain mail        |    38 |    56 |    31 ||   125
       Skin              |       |       |     7 ||     7
Dodge: Dodged            |    25 |    21 |    21 ||    67
Block: Buckler           |    16 |    19 |       ||    35

Table legend: (Time is in decaauts)
 A = Elapsed time spent in this place.
 B = Non-inter-level travel time spent in this place.
 C = Inter-level travel time spent in this place.
 D = Time resting spent in this place.
 E = Time spent auto-exploring this place.
 F = Levels seen in this place.
 G = Mean time per level.
                   A        B        C        D        E       F      G
               +--------+--------+--------+--------+--------+-----+--------+
         Total |   3706 |   3509 |    197 |    247 |   2582 |   5 |  741.2 |
       Dungeon |   3706 |   3509 |    197 |    247 |   2582 |   5 |  741.2 |
               +--------+--------+--------+--------+--------+-----+--------+

Top non-repeatable levels by time:
     D:4: 1162 daAuts
     D:3: 865 daAuts
     D:2: 828 daAuts
     D:1: 787 daAuts
     D:5: 61 daAuts
